[Event "Titled Tuesday Blitz June 6 Early 2023"]
[White "Abrosimov, Vladimir"]
[Black "Zallio, Luciano de Souza"]
[WhiteFideId "4166892"]
[BlackFideId "2109700"]
[WhiteElo "2336"]
[BlackElo "2057"]
[Result "0-1"]
[Round "9"]
[TimeControl "180+2"]
[Date "2023.06.06"]
[WhiteClock "0:00:05"]
[BlackClock "0:00:20"]
[Board "137"]

1. c4 e5 2. Nc3 d6 3. d3 f5 4. g3 Nf6 5. Bg2 Be7 6. e3 O-O 7. Nge2 c6 8. O-O Qe8 9. Rb1 a5 10. a3 Qh5 11. b4 axb4 12. axb4 g5 13. f4 gxf4 14. exf4 Kh8 15. b5 Ng4 16. h3 Nf6 17. bxc6 Nxc6 18. Nd5 Nxd5 19. cxd5 Nd8 20. fxe5 dxe5 21. Bb2 Nf7 22. Nf4 Qg5 23. Ne6 Bxe6 24. dxe6 Nd6 25. Bxe5+ Kg8 26. Bf4 Qf6 27. Re1 Ra2 28. Re2 Rfa8 29. Bd5 Qd4+ 30. Kh2 Qxd5 31. Rbb2 Rxb2 32. Rxb2 Ra2 33. Qe2 Rxb2 34. Qxb2 Qxd3 35. Bh6 Bf8 36. Bxf8 Kxf8 37. Qf6+ Ke8 38. Qh8+ Ke7 39. Qxh7+ Kxe6 40. Qg6+ Ke5 41. Qg7+ Kd5 42. h4 Qe2+ 43. Kh3 Qg4+ 44. Qxg4 fxg4+ 45. Kxg4 b5 46. h5 Nf7 47. Kf5 b4 48. Kf6 Nh6 49. Kg6 Ng4 50. h6 Nxh6 51. Kxh6 b3 52. g4 b2 53. g5 b1=Q 54. g6 Qb8 55. Kh7 Qh2+ 56. Kg8 Qh6 57. g7 Ke6 58. Kf8 Qf6+ 59. Kg8 Qd8+ 60. Kh7 Qh4+ 61. Kg8 Kf6 62. Kf8 Qb4+ 63. Kg8 Qb8+ 64. Kh7 Qc7 0-1


[Site "https://www.chess.com"]

[Event "Titled Tuesday Blitz June 6 Early 2023"]
[White "Winkels, Marcel"]
[Black "Clawitter, Craig"]
[WhiteFideId "1003887"]
[BlackFideId "2023105"]
[WhiteElo "1900"]
[BlackElo "2229"]
[Result "0-1"]
[Round "9"]
[TimeControl "180+2"]
[Date "2023.06.06"]
[WhiteClock "0:00:01"]
[BlackClock "0:00:12"]
[Board "138"]

1. d4 e6 2. e4 d5 3. Nc3 Bb4 4. e5 c5 5. a3 Bxc3+ 6. bxc3 Ne7 7. Qg4 Qc7 8. Bd3 c4 9. Be2 Qa5 10. Bd2 Nf5 11. Nh3 Nc6 12. Qf4 Qa4 13. Bd1 Bd7 14. O-O O-O 15. g4 Nh4 16. Qg3 Ng6 17. f4 f5 18. gxf5 Rxf5 19. Bg4 Nce7 20. Ng5 Qxc2 21. Rf2 Raf8 22. Bxf5 Nxf5 23. Qh3 h6 24. Nf3 Qd3 25. Kg2 Ne3+ 26. Bxe3 Qxe3 27. Re1 Nxf4+ 28. Kg3 Qxf2+ 29. Kxf2 Nxh3+ 30. Kg3 Ng5 31. Nd2 Rf5 32. Rb1 Bc6 33. Nf1 Ne4+ 34. Kg2 Nxc3 35. Re1 Ne4 36. Ne3 c3 37. Nxf5 exf5 38. Rc1 Ba4 39. Kf3 Nd2+ 40. Ke2 Ne4 41. Kd3 Kf7 0-1


[Site "https://www.chess.com"]

[Event "Titled Tuesday Blitz June 6 Early 2023"]
[White "Alexanian, Nelli"]
[Black "Larina, Maria"]
[WhiteFideId "4170539"]
[BlackFideId "24113182"]
[WhiteElo "2048"]
[BlackElo "1848"]
[Result "1-0"]
[Round "9"]
[TimeControl "180+2"]
[Date "2023.06.06"]
[WhiteClock "0:00:05"]
[BlackClock "0:00:02"]
[Board "139"]

1. d4 f5 2. c4 Nf6 3. Nc3 d6 4. g3 g6 5. Bg2 Bg7 6. Nh3 O-O 7. O-O e5 8. dxe5 dxe5 9. Nd5 c6 10. Nxf6+ Bxf6 11. Qc2 Qe7 12. b3 Na6 13. a3 Be6 14. b4 Rfd8 15. Bb2 Qf7 16. Rac1 e4 17. Nf4 Bxb2 18. Qxb2 Bxc4 19. f3 exf3 20. Bxf3 Rd7 21. a4 Rad8 22. b5 Nb8 23. Qb4 Be6 24. bxc6 Nxc6 25. Bxc6 bxc6 26. Rxc6 Bd5 27. Ra6 Be4 28. h4 Rb7 29. Qc5 Rdb8 30. Qe5 Re8 31. Qc5 Reb8 32. Rd1 Re8 33. Rad6 Rbe7 34. a5 Bc2 35. Qxc2 Rc7 36. Qb2 Qe7 37. h5 Qe3+ 38. Kg2 Qe4+ 39. Kh2 g5 40. R1d4 Qe5 41. R6d5 Qf6 42. Rd6 Qe5 43. R4d5 Qe4 44. Nd3 Qxe2+ 45. Qxe2 Rxe2+ 46. Kh3 Rc8 47. Rxf5 h6 48. Ne5 Kg7 49. Ng6 Kh7 50. Rd7+ Kg8 51. Rff7 1-0


[Site "https://www.chess.com"]

[Event "Titled Tuesday Blitz June 6 Early 2023"]
[White "Toczek, Grzegorz"]
[Black "Blackwhite017"]
[WhiteFideId "1106457"]
[WhiteElo "2093"]
[BlackElo "2091"]
[Result "1-0"]
[Round "9"]
[TimeControl "180+2"]
[Date "2023.06.06"]
[WhiteClock "0:00:46"]
[BlackClock "0:00:02"]
[Board "140"]

1. e4 c5 2. Nc3 Nc6 3. f4 g6 4. Nf3 Bg7 5. Bc4 e6 6. O-O Nge7 7. d3 d5 8. Bb3 O-O 9. Qe1 Nd4 10. Ne5 Nxb3 11. axb3 Nc6 12. Nxc6 bxc6 13. Na4 Qe7 14. Be3 d4 15. Bd2 Rd8 16. Ba5 Rd7 17. e5 Bb7 18. Qf2 Rf8 19. Rae1 f5 20. Qd2 h6 21. h4 Qxh4 22. Nxc5 Re7 23. Qf2 g5 24. Qxh4 gxh4 25. Re2 Kh8 26. Be1 Rg8 27. Bxh4 Rc7 28. Nxe6 Rf7 29. Nc5 Bf8 30. Bf6+ Kh7 31. Nxb7 Rxb7 32. e6 Be7 33. Bxd4 Rg4 34. Be5 Bc5+ 35. d4 Be7 36. Ra1 a5 37. Rxa5 h5 38. Ra6 h4 39. Kh2 h3 40. gxh3 Rg6 41. Rxc6 Ra7 42. Rc7 Rxc7 43. Bxc7 Kh6 44. d5 Kh5 45. d6 Bf6 46. e7 Kh4 47. e8=Q Rg3 48. Re3 1-0


[Site "https://www.chess.com"]

[Event "Titled Tuesday Blitz June 6 Early 2023"]
[White "White, John S."]
[Black "Floresvillar Gonzalez, Luis Migu"]
[WhiteFideId "2502348"]
[BlackFideId "5100542"]
[WhiteElo "1997"]
[BlackElo "2040"]
[Result "1/2-1/2"]
[Round "9"]
[TimeControl "180+2"]
[Date "2023.06.06"]
[WhiteClock "0:00:21"]
[BlackClock "0:00:17"]
[Board "141"]

1. e4 c6 2. d4 d5 3. Nc3 dxe4 4. Nxe4 Bf5 5. Ng3 Bg6 6. h4 h6 7. h5 Bh7 8. Nf3 Nd7 9. Bd3 Bxd3 10. Qxd3 e6 11. O-O Ngf6 12. c4 Be7 13. Bf4 O-O 14. a3 Nh7 15. Rad1 Ng5 16. Ne5 Nxe5 17. Bxe5 Bf6 18. Qe3 Nh7 19. Ne4 Bxe5 20. dxe5 Qh4 21. Qf3 Ng5 22. Nxg5 Qxg5 23. Rfe1 Rad8 24. Qe3 Rxd1 25. Rxd1 Qxh5 26. Rd7 Rb8 27. Qxa7 Rf8 28. Qxb7 Qxe5 29. Qxc6 Qxb2 30. a4 Qc1+ 31. Kh2 Qf4+ 32. Kg1 Qc1+ 33. Kh2 Qf4+ 34. Kg1 Rb8 35. Rd1 Rb2 36. Qc5 Rc2 37. Qd4 Rxc4 38. Qxf4 Rxf4 39. Ra1 Rd4 40. a5 Rd7 41. a6 Ra7 42. f3 f6 43. Kf2 Kf7 44. Ke3 Ke7 45. Kd4 Kd6 46. Ra5 g5 47. g4 Kc6 48. Kc4 Kb6 49. Kb4 Kc6 50. Kc4 Kb6 51. Kb4 Kc6 52. Kc4 1/2-1/2


[Site "https://www.chess.com"]

[Event "Titled Tuesday Blitz June 6 Early 2023"]
[White "Sokolov, Andrei"]
[Black "Flis, Pawel"]
[WhiteFideId "11600306"]
[BlackFideId "1112864"]
[WhiteElo "2473"]
[BlackElo "1822"]
[Result "0-1"]
[Round "9"]
[TimeControl "180+2"]
[Date "2023.06.06"]
[WhiteClock "0:01:45"]
[BlackClock "0:00:53"]
[Board "142"]

1. e4 c5 2. Nf3 d6 3. d4 Nf6 4. e5 dxe5 5. dxe5 Qxd1+ 6. Kxd1 Nd5 7. c4 Nb6 8. Nc3 Bg4 9. Nb5 Na6 10. Bf4 e6 11. Be2 Bxf3 12. gxf3 Be7 13. Kc2 O-O 14. Rhg1 Rfd8 15. Bh6 g6 16. h4 Bxh4 17. Nd6 Bxf2 18. Rg2 Nb4+ 19. Kb3 Bd4 20. a3 Nc6 21. Rag1 Bxe5 22. Ne4 Nd4+ 23. Ka2 Nxe2 24. Rxe2 Nxc4 25. Ng5 b5 26. b3 Rd2+ 27. Rxd2 Nxd2 28. Ne4 Nxf3 29. Rd1 Bd4 30. Nxc5 Bxc5 31. Rd7 Bf8 32. Bf4 e5 0-1


[Site "https://www.chess.com"]

[Event "Titled Tuesday Blitz June 6 Early 2023"]
[White "Skiadopoulos, Nikolaos"]
[Black "Mishra, Manoj"]
[WhiteFideId "4200772"]
[BlackFideId "5006007"]
[WhiteElo "2022"]
[BlackElo "1847"]
[Result "0-1"]
[Round "9"]
[TimeControl "180+2"]
[Date "2023.06.06"]
[WhiteClock "0:00:16"]
[BlackClock "0:01:04"]
[Board "143"]

1. e4 Nf6 2. e5 Nd5 3. c4 Nb6 4. c5 Nd5 5. Bc4 e6 6. Nc3 Nxc3 7. dxc3 Bxc5 8. Qg4 Rg8 9. Bg5 Be7 10. h4 Nc6 11. Nf3 d6 12. O-O-O d5 13. Bd3 h6 14. Bxh6 Bd7 15. h5 Bf8 16. Bg5 f6 17. Bg6+ Ke7 18. Bh4 Be8 19. Bxe8 Qxe8 20. exf6+ gxf6 21. Qxg8 Bh6+ 22. Qg5 fxg5 23. Bg3 g4+ 24. Nd2 Qf7 25. Rhe1 Bf4 26. Bh4+ Kf8 27. g3 Qxh5 28. gxf4 Qxh4 29. Rh1 Qf6 0-1


[Site "https://www.chess.com"]

[Event "Titled Tuesday Blitz June 6 Early 2023"]
[White "KSho99"]
[Black "Lisjak, Zlatko"]
[BlackFideId "14502186"]
[WhiteElo "2183"]
[BlackElo "1998"]
[Result "1-0"]
[Round "9"]
[TimeControl "180+2"]
[Date "2023.06.06"]
[WhiteClock "0:00:01"]
[BlackClock "0:00:04"]
[Board "144"]

1. Nf3 d6 2. d4 Bg4 3. Nbd2 Nd7 4. h3 Bh5 5. e4 c6 6. c3 e6 7. Bd3 d5 8. O-O Ne7 9. Re1 Ng6 10. exd5 cxd5 11. Bb5 Bxf3 12. Nxf3 a6 13. Bd3 Bd6 14. Qb3 Qc7 15. Qxd5 O-O 16. Qb3 b5 17. Ng5 Bf4 18. Qd1 Nf6 19. Ne4 Nd5 20. Bxf4 Ngxf4 21. Bf1 f5 22. Ng3 Rf6 23. Ne2 Rg6 24. Nxf4 Nxf4 25. Qf3 Nd5 26. Kh1 Rf8 27. Rad1 f4 28. Re5 h6 29. Bd3 Rgf6 30. Rde1 Qd6 31. Qe4 g6 32. Rxe6 Rxe6 33. Qxe6+ Qxe6 34. Rxe6 Nf6 35. Rxa6 Re8 36. Kh2 Kg7 37. Bxb5 Re1 38. Ra7+ Kf8 39. Bc4 1-0


[Site "https://www.chess.com"]

[Event "Titled Tuesday Blitz June 6 Early 2023"]
[White "Lohani, Sujana"]
[Black "Nikulina, Alena"]
[WhiteFideId "12311987"]
[BlackFideId "4172051"]
[WhiteElo "1718"]
[BlackElo "1608"]
[Result "0-1"]
[Round "9"]
[TimeControl "180+2"]
[Date "2023.06.06"]
[WhiteClock "0:00:03"]
[BlackClock "0:00:17"]
[Board "145"]

1. d4 d5 2. Nf3 Nf6 3. c4 dxc4 4. e3 a6 5. Bxc4 b5 6. Bd3 e6 7. O-O Bb7 8. a4 b4 9. a5 Nbd7 10. Nbd2 c5 11. Nc4 Be7 12. Nfe5 O-O 13. Nxd7 Nxd7 14. Qg4 cxd4 15. exd4 Nf6 16. Qh4 Qd5 17. Ne3 Qh5 18. Qxh5 Nxh5 19. Nc4 Rad8 20. Be3 Nf6 21. Nb6 Nd5 22. Nxd5 Rxd5 23. Rfc1 Rd7 24. Ra4 f5 25. g3 g5 26. Re1 f4 27. Bc1 Rxd4 0-1


[Site "https://www.chess.com"]

[Event "Titled Tuesday Blitz June 6 Early 2023"]
[White "Paiva, Henrique M A Albergaria"]
[Black "Maluco_do_Natal_00"]
[WhiteFideId "1920995"]
[WhiteElo "2007"]
[BlackElo "2058"]
[Result "1-0"]
[Round "9"]
[TimeControl "180+2"]
[Date "2023.06.06"]
[WhiteClock "0:01:30"]
[BlackClock "0:00:02"]
[Board "146"]

1. b3 d5 2. Bb2 Nf6 3. e3 Nbd7 4. f4 g6 5. Nf3 Bg7 6. Be2 O-O 7. O-O Re8 8. Qe1 c5 9. f5 Qc7 10. Qh4 Rf8 11. fxg6 hxg6 12. Ng5 e5 13. Nc3 Qd6 14. e4 d4 15. Nd5 Re8 16. Bc4 Re7 17. Nxe7+ Qxe7 18. Bxf7+ Kf8 19. Bxg6 Kg8 20. Bf7+ Kf8 21. Bc4 Nb6 22. Nh7+ Ke8 23. Nxf6+ Bxf6 24. Qh5+ Kd8 25. Qg6 Nxc4 26. bxc4 Bg7 27. Rf7 Qe8 28. Qxg7 Be6 29. Rxb7 Rc8 30. Rd1 Bxc4 31. d3 Be6 32. Rf1 Rc7 33. Qxc7# 1-0


[Site "https://www.chess.com"]

[Event "Titled Tuesday Blitz June 6 Early 2023"]
[White "Shevchenko, Kirill"]
[Black "Martinez Alcantara, Jose Eduardo"]
[WhiteFideId "14129574"]
[BlackFideId "3805662"]
[WhiteElo "2603"]
[BlackElo "2711"]
[Result "1/2-1/2"]
[Round "10"]
[TimeControl "180+2"]
[Date "2023.06.06"]
[WhiteClock "0:00:01"]
[BlackClock "0:00:04"]
[Board "1"]

1. c4 c5 2. Nf3 Nc6 3. Nc3 g6 4. d4 cxd4 5. Nxd4 Bg7 6. Nxc6 bxc6 7. g3 Nf6 8. Bg2 O-O 9. O-O Rb8 10. b3 Bb7 11. Bb2 d6 12. Qc2 c5 13. Bxb7 Rxb7 14. e4 Nd7 15. f4 Nb8 16. Rad1 Nc6 17. e5 Nd4 18. Qg2 Rd7 19. exd6 Rxd6 20. Ne4 Re6 21. Kh1 Qc7 22. Rfe1 a5 23. Ng5 Rxe1+ 24. Rxe1 e6 25. Ne4 a4 26. bxa4 Qa5 27. Bc3 Qxa4 28. Nxc5 Qxc4 29. Bxd4 Bxd4 30. Ne4 Kg7 31. Ng5 Bf6 32. Ne4 Bd4 33. Ng5 Rb8 34. Qe2 Qa4 35. Qd1 Qa8+ 36. Qf3 Qxa2 37. Re2 Rb1+ 38. Kg2 Qc4 39. h4 h5 40. Qe4 Qd5 41. Qxd5 exd5 42. Re7 Rb2+ 43. Kf1 Rb1+ 44. Ke2 Rb3 45. Rxf7+ Kg8 46. Rd7 Bf6 47. Rd6 Kg7 48. Nf3 Rb2+ 49. Kf1 Rb1+ 50. Kg2 Rd1 51. Rd7+ Kf8 52. Rd6 Ke7 53. Ra6 Rb1 54. Kh3 Rb3 55. Ng5 Bxg5 56. hxg5 d4 57. Rxg6 d3 58. Rg7+ Ke8 59. Rg8+ Ke7 60. Rg7+ Ke8 61. Rg8+ Ke7 62. Rg7+ 1/2-1/2


[Site "https://www.chess.com"]

[Event "Titled Tuesday Blitz June 6 Early 2023"]
[White "Dubov, Daniil"]
[Black "Nihal Sarin"]
[WhiteFideId "24126055"]
[BlackFideId "25092340"]
[WhiteElo "2793"]
[BlackElo "2689"]
[Result "0-1"]
[Round "10"]
[TimeControl "180+2"]
[Date "2023.06.06"]
[WhiteClock "0:00:03"]
[BlackClock "0:00:45"]
[Board "2"]

1. g3 d5 2. Nf3 Nd7 3. d4 Nb6 4. a4 a5 5. b3 Bf5 6. Nh4 Bg4 7. h3 Bh5 8. Nd2 e6 9. Ndf3 Nf6 10. Bg2 Ne4 11. O-O g5 12. g4 gxh4 13. gxh5 Bd6 14. c4 Nd7 15. Qd3 c6 16. Be3 Rg8 17. Kh1 f5 18. Nd2 Qf6 19. cxd5 exd5 20. Nxe4 fxe4 21. Qd2 O-O-O 22. Rg1 Bc7 23. f4 exf3 24. exf3 Rg3 25. Bf2 Rxf3 26. Bxf3 Qxf3+ 27. Rg2 Rg8 28. Bxh4 Qxh3+ 29. Kg1 Qh2+ 30. Kf1 Qh1+ 31. Ke2 Rxg2+ 0-1


[Site "https://www.chess.com"]

[Event "Titled Tuesday Blitz June 6 Early 2023"]
[White "Andreikin, Dmitry"]
[Black "Lenderman, Aleksandr"]
[WhiteFideId "4158814"]
[BlackFideId "2021285"]
[WhiteElo "2736"]
[BlackElo "2607"]
[Result "0-1"]
[Round "10"]
[TimeControl "180+2"]
[Date "2023.06.06"]
[WhiteClock "0:00:03"]
[BlackClock "0:00:10"]
[Board "3"]

1. Nf3 b6 2. e4 Bb7 3. Nc3 e6 4. d4 Bb4 5. Bd3 Nf6 6. Qe2 d5 7. e5 Ne4 8. O-O Bxc3 9. bxc3 Nxc3 10. Qe3 Ne4 11. Ba3 Nd7 12. c4 Nc3 13. Ng5 dxc4 14. Qf4 Nf6 15. exf6 cxd3 16. Rfe1 Qd5 17. f3 O-O-O 18. fxg7 Rhg8 19. Nxf7 Qxd4+ 20. Qxd4 Rxd4 21. Bb2 d2 22. Bxc3 dxe1=Q+ 23. Rxe1 Rxg7 24. Bxd4 Rxf7 25. Rxe6 Bd5 26. Re2 Rd7 27. Be5 c5 28. Kf2 Kb7 29. g4 Kc6 30. h4 Bc4 31. Rc2 b5 32. g5 Rd3 33. h5 Bd5 34. Rc3 Rxc3 35. Bxc3 b4 36. Be5 Bxa2 37. Ke3 Bb1 38. Kf4 Kd5 39. Ba1 c4 40. g6 hxg6 41. h6 g5+ 42. Kxg5 c3 43. Kf6 Kc4 44. f4 b3 45. f5 Bxf5 46. Kxf5 b2 47. Bxb2 cxb2 48. h7 b1=Q+ 0-1


[Site "https://www.chess.com"]

[Event "Titled Tuesday Blitz June 6 Early 2023"]
[White "Ibarra Jerez, Jose Carlos"]
[Black "Pranesh M"]
[WhiteFideId "2226332"]
[BlackFideId "35028600"]
[WhiteElo "2631"]
[BlackElo "2437"]
[Result "0-1"]
[Round "10"]
[TimeControl "180+2"]
[Date "2023.06.06"]
[WhiteClock "0:00:30"]
[BlackClock "0:01:57"]
[Board "4"]

1. e4 e6 2. d4 d5 3. Nc3 Nf6 4. Bg5 dxe4 5. Nxe4 Be7 6. Bxf6 gxf6 7. Nf3 f5 8. Nc3 Bf6 9. Qd2 a6 10. O-O-O b5 11. d5 O-O 12. Qh6 e5 13. h4 Bg7 14. Qe3 Nd7 15. Rg1 e4 16. Nd4 Ne5 17. f3 Qxh4 18. g4 fxg4 19. Nxe4 f5 20. Nc5 Nxf3 21. Kb1 Nxd4 22. Rxd4 Bxd4 23. Qxd4 Qe1+ 0-1


[Site "https://www.chess.com"]

[Event "Titled Tuesday Blitz June 6 Early 2023"]
[White "Deac, Bogdan-Daniel"]
[Black "Naroditsky, Daniel"]
[WhiteFideId "1226380"]
[BlackFideId "2026961"]
[WhiteElo "2644"]
[BlackElo "2632"]
[Result "1/2-1/2"]
[Round "10"]
[TimeControl "180+2"]
[Date "2023.06.06"]
[WhiteClock "0:00:06"]
[BlackClock "0:00:20"]
[Board "5"]

1. e4 c5 2. Nf3 d6 3. d4 cxd4 4. Nxd4 Nf6 5. Nc3 a6 6. Bd3 g6 7. f3 Bg7 8. Be3 O-O 9. Qd2 b5 10. a4 b4 11. Na2 a5 12. c3 e5 13. Nb5 d5 14. cxb4 Nc6 15. exd5 Nxd5 16. Bc5 Ndxb4 17. Nxb4 Nxb4 18. Be4 Qxd2+ 19. Kxd2 Rd8+ 20. Ke2 Nd5 21. Rhd1 Be6 22. Bd6 Nf4+ 23. Kf2 Rac8 24. Bc7 Rxd1 25. Rxd1 Bb3 26. Rd8+ Rxd8 27. Bxd8 Bxa4 28. Nc3 Bd7 29. Bxa5 f5 30. Bc2 Ne6 31. Bb3 Kf8 32. Bc4 Nd4 33. b4 Ke8 34. b5 Bf8 35. Bb6 Nc2 36. Ba7 Na3 37. Bd3 Bd6 38. b6 Bc5+ 39. Ke2 Bc6 40. g4 e4 41. fxe4 fxg4 42. e5 Bd4 43. Be4 Bxe4 44. Nxe4 Nb5 45. Nf6+ Kf7 46. Nxg4 h5 47. Nf6 Bxe5 48. Nd7 Bxh2 49. Bb8 Bxb8 50. Nxb8 Nd6 51. Nc6 Ke6 52. Kf3 g5 53. Nd4+ Ke5 54. Nc6+ Kf6 55. Nd4 Nb7 56. Nc6 Nc5 57. Nd4 Ke5 58. Nc6+ Kd5 59. Ne7+ Ke6 60. Nc6 Kd5 61. Ne7+ Kd6 62. Nf5+ Ke5 63. Ng7 h4 64. Kg4 Kf6 65. Ne8+ Ke7 66. Nc7 Kd6 67. Ne8+ Ke7 68. Nc7 Kf6 69. Nd5+ Ke5 70. Ne3 Ke4 71. Ng2 Nb7 72. Nxh4 gxh4 73. Kxh4 Kd5 74. Kg5 Kc5 75. Kf6 Kxb6 1/2-1/2


[Site "https://www.chess.com"]

[Event "Titled Tuesday Blitz June 6 Early 2023"]
[White "Nepomniachtchi, Ian"]
[Black "Babazada, Khazar"]
[WhiteFideId "4168119"]
[BlackFideId "13413554"]
[WhiteElo "2781"]
[BlackElo "2369"]
[Result "1-0"]
[Round "10"]
[TimeControl "180+2"]
[Date "2023.06.06"]
[WhiteClock "0:00:18"]
[BlackClock "0:00:04"]
[Board "6"]

1. e4 e5 2. f4 exf4 3. Nf3 g5 4. h4 g4 5. Ne5 d6 6. Nxg4 Nf6 7. Nxf6+ Qxf6 8. Nc3 c6 9. d4 Bh6 10. Qd3 Bg4 11. Bd2 Na6 12. a3 O-O-O 13. Be2 Rhg8 14. O-O-O Nc7 15. Rdf1 Ne6 16. d5 Nc5 17. Qc4 Bxe2 18. Qxe2 Qe5 19. dxc6 bxc6 20. Rh3 Rd7 21. g4 fxg3 22. Bxh6 Qe6 23. Qg2 Qxh6+ 24. Kb1 Qe3 25. Rf3 Qe1+ 26. Ka2 Nxe4 27. Rh1 Qd2 28. Qf1 Nxc3+ 29. Rxc3 Qd5+ 30. b3 Kb7 31. Rg1 g2 32. Qf2 Re7 33. Rd3 Qc5 34. Rxg2 Rxg2 35. Qxg2 Re1 36. Qh2 d5 37. Qd2 Rf1 38. Kb2 Qe7 39. Rd4 Qe1 40. Qxe1 Rxe1 41. Rf4 Re7 42. Kc3 Kc7 43. Rf6 Re4 44. Rxf7+ Kb6 45. Rxh7 Rg4 46. h5 a5 47. h6 a4 48. b4 c5 49. bxc5+ Kxc5 50. Rh8 Rg3+ 51. Kb2 Rh3 52. h7 Kd4 53. Kc1 Rh2 54. Kd1 Rh1+ 55. Ke2 Rh2+ 56. Kf3 Rh3+ 57. Kg2 Rh6 58. Kf2 Rh2+ 59. Kg3 Rh1 60. Kf4 Rf1+ 61. Kg4 Rg1+ 62. Kf5 Rf1+ 63. Ke6 Rh1 64. c3+ Ke4 65. Kd6 Rh6+ 66. Kc5 Kd3 67. Kxd5 Rh5+ 68. Kd6 Rh6+ 69. Ke5 Rh5+ 70. Kf4 Kc2 71. c4 1-0


[Site "https://www.chess.com"]

[Event "Titled Tuesday Blitz June 6 Early 2023"]
[White "Svane, Rasmus"]
[Black "Duda, Jan-Krzysztof"]
[WhiteFideId "4657101"]
[BlackFideId "1170546"]
[WhiteElo "2601"]
[BlackElo "2783"]
[Result "1-0"]
[Round "10"]
[TimeControl "180+2"]
[Date "2023.06.06"]
[WhiteClock "0:00:18"]
[BlackClock "0:00:01"]
[Board "7"]

1. Nf3 b6 2. g3 Bb7 3. Bg2 c5 4. c4 g6 5. d4 cxd4 6. Qxd4 Nf6 7. O-O Nc6 8. Qf4 Bg7 9. Nc3 O-O 10. Rd1 Rc8 11. b3 d6 12. Bb2 Nd7 13. Rd2 Nce5 14. Rad1 Nxf3+ 15. exf3 f5 16. Nd5 Bxb2 17. Rxb2 Nf6 18. Nxf6+ Rxf6 19. Re2 Qc7 20. Qe3 Rf7 21. f4 Bxg2 22. Kxg2 Qc5 23. Qf3 Qc6 24. Rd5 Rc7 25. Re6 Qd7 26. Qe2 Kg7 27. Rd3 Rf6 28. Rxf6 exf6 29. Rd5 Rc5 30. Rd4 Rc8 31. Qd3 Qc6+ 32. Rd5 Re8 33. a4 Re6 34. h3 h5 35. Qf3 Kh6 36. g4 Qd7 37. gxf5 gxf5 38. Rxf5 Qg7+ 39. Qg3 Qg6 40. Qxg6+ Kxg6 41. Rd5 f5 42. Kf3 h4 43. a5 bxa5 44. Rxa5 Re7 45. Ra6 Rd7 46. c5 Kf7 47. c6 Rc7 48. Ke3 Ke6 49. Kd4 Rg7 50. b4 Rc7 51. b5 Rg7 52. Ra1 Rg2 53. Re1+ Kf7 54. c7 Rg8 55. Kd5 1-0


[Site "https://www.chess.com"]

[Event "Titled Tuesday Blitz June 6 Early 2023"]
[White "Samadov, Read"]
[Black "Grischuk, Alexander"]
[WhiteFideId "13417444"]
[BlackFideId "4126025"]
[WhiteElo "2355"]
[BlackElo "2721"]
[Result "1-0"]
[Round "10"]
[TimeControl "180+2"]
[Date "2023.06.06"]
[WhiteClock "0:00:04"]
[BlackClock "0:00:02"]
[Board "8"]

1. c4 e5 2. Nc3 d6 3. g3 f5 4. Bg2 Nf6 5. d3 a5 6. Nf3 Be7 7. O-O O-O 8. a3 Qe8 9. Rb1 h6 10. b4 axb4 11. axb4 Be6 12. b5 Nbd7 13. Bb2 Qh5 14. Nd2 Rab8 15. e4 Qg6 16. exf5 Bxf5 17. Nde4 Nc5 18. Qe2 Kh8 19. b6 c6 20. Nxc5 dxc5 21. Qxe5 Rbe8 22. Ne4 Nxe4 23. dxe4 Be6 24. Qc7 Bxc4 25. Qxb7 Bxf1 26. Rxf1 Bf6 27. Qxc6 Rc8 28. Qd6 Rfd8 29. b7 Rb8 30. Qb6 Qf7 31. e5 Be7 32. Qc7 Qe6 33. Ra1 Qd7 34. Qb6 Qd2 35. e6 Rf8 36. Rf1 c4 37. Be5 c3 38. Bxb8 Rxb8 39. Qc7 Qd6 40. Qxd6 Bxd6 41. Rc1 Bb4 42. e7 g5 43. Bc6 Bxe7 44. Rxc3 Kg7 45. Kg2 Rd8 46. Rc2 Bf6 47. Ra2 Be5 48. Ra8 Bb8 49. Bd7 Kf6 50. Bc8 Bc7 51. b8=Q 1-0


[Site "https://www.chess.com"]

[Event "Titled Tuesday Blitz June 6 Early 2023"]
[White "Hakobyan, Aram"]
[Black "Svane, Frederik"]
[WhiteFideId "13306677"]
[BlackFideId "12923044"]
[WhiteElo "2584"]
[BlackElo "2502"]
[Result "1-0"]
[Round "10"]
[TimeControl "180+2"]
[Date "2023.06.06"]
[WhiteClock "0:00:54"]
[BlackClock "0:00:01"]
[Board "9"]

1. d4 Nf6 2. c4 g6 3. Nc3 Bg7 4. e4 d6 5. Be2 O-O 6. Nf3 e5 7. O-O Na6 8. Re1 Qe7 9. c5 exd4 10. cxd6 cxd6 11. Nxd4 Nc5 12. Bf3 Be6 13. Bf4 Rad8 14. Qd2 Nfd7 15. Bg5 Bf6 16. Bh6 Rfe8 17. Rad1 Ne5 18. Be2 a6 19. b3 b5 20. Bf1 b4 21. Nd5 Bxd5 22. exd5 Qb7 23. Qf4 Bg7 24. Bxg7 Kxg7 25. h4 h5 26. Qg5 Kh7 27. f4 Ng4 28. f5 Ne4 29. Rxe4 Rxe4 30. fxg6+ fxg6 31. Qxd8 Rxd4 32. Rc1 Kh6 33. Qh8+ 1-0


[Site "https://www.chess.com"]

[Event "Titled Tuesday Blitz June 6 Early 2023"]
[White "Pakleza, Zbigniew"]
[Black "Kramnik, Vladimir"]
[WhiteFideId "1119290"]
[BlackFideId "4101588"]
[WhiteElo "2410"]
[BlackElo "2703"]
[Result "0-1"]
[Round "10"]
[TimeControl "180+2"]
[Date "2023.06.06"]
[WhiteClock "0:00:01"]
[BlackClock "0:00:51"]
[Board "10"]

1. d4 d5 2. Bf4 c5 3. c3 Nc6 4. e3 Nf6 5. Nd2 Bf5 6. Ngf3 e6 7. Qb3 Qc8 8. Nh4 Bg6 9. Nxg6 hxg6 10. h3 Be7 11. Be2 a6 12. O-O Qd7 13. dxc5 Bxc5 14. Nf3 O-O 15. Rfd1 Qe7 16. c4 e5 17. Bh2 d4 18. exd4 Nxd4 19. Nxd4 Bxd4 20. Bf3 Qc5 21. Rd2 e4 22. Rad1 Rad8 23. Qxb7 exf3 24. Qxf3 Rfe8 25. Bg3 Ne4 26. Re2 Bxf2+ 27. Rxf2 Rxd1+ 28. Qxd1 Nxg3 29. Qd5 Re1+ 30. Kh2 Nf1+ 31. Kg1 Ne3+ 0-1


[Site "https://www.chess.com"]

[Event "Titled Tuesday Blitz June 6 Early 2023"]
[White "Paravyan, David"]
[Black "Nguyen, Ngoc Truong Son"]
[WhiteFideId "4194985"]
[BlackFideId "12401110"]
[WhiteElo "2563"]
[BlackElo "2556"]
[Result "1-0"]
[Round "10"]
[TimeControl "180+2"]
[Date "2023.06.06"]
[WhiteClock "0:00:31"]
[BlackClock "0:00:02"]
[Board "11"]

1. e4 c5 2. Nf3 e6 3. d4 cxd4 4. Nxd4 a6 5. h3 b5 6. c4 Bb7 7. cxb5 axb5 8. Bxb5 Bxe4 9. O-O Bxb1 10. Rxb1 Nf6 11. a4 Be7 12. b4 O-O 13. Re1 Nd5 14. Bd2 Qb6 15. Nf3 Nc6 16. Ne5 Nxe5 17. Rxe5 Bf6 18. Re4 Rfc8 19. Rc4 Rxc4 20. Bxc4 Nc3 21. Bxc3 Bxc3 22. Qf3 d5 23. Bxd5 Rc8 24. Bb7 Rc7 25. Be4 g6 26. a5 Qd4 27. a6 Bxb4 28. Rd1 Qe5 29. Bb7 Bc5 30. g3 Kg7 31. Kg2 Bb6 32. Rd2 Rc3 33. Qe4 Qxe4+ 34. Bxe4 Ra3 35. Bb7 g5 36. Rb2 Ba7 37. Bc8 h5 38. Bxe6 Rxa6 39. Bd5 Rf6 40. Bf3 Kh6 41. Rb7 Bd4 42. Rb4 Bb6 43. Rb2 Bc5 44. Rb5 Bb6 45. Rb2 Bd4 46. Rd2 Bb6 47. Be4 Re6 48. f3 Rf6 49. Rc2 Rd6 50. Rc8 Kg7 51. Rc2 Kf6 52. h4 gxh4 53. gxh4 Ke5 54. Rc8 f5 55. Re8+ Kf4 56. Rf8 Rd2+ 57. Kh3 Ke3 58. Rxf5 Bc7 59. Rxh5 1-0


[Site "https://www.chess.com"]

[Event "Titled Tuesday Blitz June 6 Early 2023"]
[White "Makarian, Rudik"]
[Black "Pranav Anand"]
[WhiteFideId "44105681"]
[BlackFideId "46626786"]
[WhiteElo "2451"]
[BlackElo "2389"]
[Result "1-0"]
[Round "10"]
[TimeControl "180+2"]
[Date "2023.06.06"]
[WhiteClock "0:00:10"]
[BlackClock "0:00:10"]
[Board "12"]

1. d4 Nf6 2. c4 e6 3. Nf3 d5 4. g3 Bb4+ 5. Bd2 Be7 6. Bg2 O-O 7. Qc2 c6 8. O-O Nbd7 9. Bf4 Ne4 10. h4 h6 11. Nc3 g5 12. hxg5 hxg5 13. Be3 f5 14. g4 fxg4 15. Ne5 Ndf6 16. Nxe4 dxe4 17. Bxe4 Kg7 18. Kg2 Bd7 19. Rh1 Be8 20. Bg6 c5 21. Bxe8 Qxe8 22. Bxg5 Nh5 23. Bxe7 Nf4+ 24. Kg3 Nh5+ 25. Rxh5 Qxh5 26. Bxf8+ Rxf8 27. Nxg4 Rh8 28. f3 Qh4+ 29. Kg2 Qh3+ 30. Kf2 Qh4+ 31. Ke3 Qg5+ 32. Kd3 Rd8 33. e3 cxd4 34. e4 Qf4 35. Qg2 Kf7 36. Rh1 Ke7 37. Rh7+ Kd6 38. Qh2 Qxh2 39. Rxh2 b5 40. cxb5 Kc5 41. Rc2+ Kxb5 42. Ne5 a5 43. f4 Ka4 44. Rc5 Kb4 45. Nc6+ 1-0


[Site "https://www.chess.com"]